AoeStats
← Tσvx´

Hill Fort

505149696Analyzed
3v3 RM · 25d ago on Sep 8, 2026· 55m 45s· 6 players
Game mode
Random Map
Map size
Normal (6 player)
Population
200
Speed
Normal
Resources
Standard
Victory
Conquest
Starting age
Dark Age
Ending age
Imperial Age
RankedLock teamsTeams togetherTeam positionsShared explorationLock speedFull tech treeHidden civsTurbo modeCheats
Victory
Defeat
🇺🇸 Huns · United States
822
+9
🇨🇦 Spanish · Canada
693
+14
🇺🇸 Slavs · United States
596
+19
🇦🇷 Britons · Argentina
701
-15
🇦🇷 Franks · Argentina
647
-14
🇦🇷 Khmer · Argentina
634
-13
Donny
2:41 Loom
12:31 Feudal Age
16:12 Double-Bit Axe
17:33 Horse Collar
22:13 Castle Age
20:10 Gold Mining
21:00 Stone Mining
22:54 Pikeman
23:35 Squires
26:24 Scale Mail Armor
26:56 Caravan
30:02 Wheelbarrow
30:47 Gold Shaft Mining
30:00 Town Watch
32:16 Detinets
35:55 Imperial Age
34:14 Hand Cart
36:02 Halberdier
36:33 Man-at-Arms
39:02 Chain Mail Armor
38:58 Forging
39:05 Heavy Scorpion
41:04 Town Patrol
42:18 Long Swordsman
44:18 Onager
47:31 Two-Handed Swordsman
51:46 Iron Casting
51:27 Champion
53:01 Heavy Plow
53:15 Bow Saw
Rat Meat Pizza
12:21 Feudal Age
13:52 Horse Collar
14:13 Double-Bit Axe
15:13 Wheelbarrow
14:25 Loom
16:17 Gold Mining
20:13 Castle Age
18:24 Stone Mining
19:18 Padded Archer Armor
19:09 Fletching
19:25 Scale Barding Armor
20:59 Thumb Ring
21:05 Heavy Plow
21:18 Bow Saw
21:26 Hand Cart
22:49 Gold Shaft Mining
24:08 Leather Archer Armor
23:59 Bodkin Arrow
24:52 Husbandry
25:06 Bloodlines
26:21 Chain Barding Armor
37:31 Marauders
38:57 Scale Mail Armor
39:07 Forging
39:16 Caravan
43:45 Imperial Age
44:12 Iron Casting
43:53 Chain Mail Armor
44:29 Heavy Cavalry Archer
45:34 Parthian Tactics
45:38 Conscription
44:44 Elite Tarkan
46:15 Plate Barding Armor
45:40 Bracer
46:41 Blast Furnace
viquezug
11:51 Feudal Age
13:38 Wheelbarrow
14:00 Double-Bit Axe
17:24 Horse Collar
17:50 Gold Mining
18:40 Town Watch
18:42 Loom
18:45 Town Watch
19:05 Stone Mining
20:28 Scale Barding Armor
23:04 Castle Age
23:33 Bloodlines
24:43 Hand Cart
28:31 Bow Saw
28:23 Heavy Plow
30:25 Husbandry
31:47 Chain Barding Armor
32:35 Forging
33:05 Town Patrol
34:06 Iron Casting
34:34 Caravan
39:38 Imperial Age
40:46 Conscription
41:33 Two-Man Saw
41:15 Plate Barding Armor
41:44 Blast Furnace
40:07 Cavalier
42:34 Chemistry
44:21 Fletching
45:44 Redemption
48:16 Ballistics
48:25 Elite Conquistador
48:30 Paladin
52:21 Murder Holes
MatiGyEJ
0:32 Loom
8:57 Feudal Age
15:58 Double-Bit Axe
18:50 Castle Age
18:20 Stone Mining
18:55 Pikeman
21:21 Gold Mining
30:05 Imperial Age
31:08 Halberdier
33:27 Heavy Scorpion
35:44 Chemistry
35:10 Ballistics
35:57 Gold Shaft Mining
35:57 Stone Shaft Mining
38:22 Double Crossbow
39:56 Horse Collar
44:24 Light Cavalry
45:15 Bloodlines
45:05 Husbandry
Hanson
2:56 Loom
10:05 Feudal Age
10:58 Double-Bit Axe
22:15 Castle Age
22:12 Scale Mail Armor
22:23 Forging
22:35 Gold Mining
24:57 Pikeman
27:26 Coinage
29:42 Wheelbarrow
29:36 Husbandry
34:15 Hand Cart
37:11 Scale Barding Armor
42:25 Imperial Age
42:25 Chain Barding Armor
42:22 Chain Mail Armor
44:27 Banking
44:55 Cavalier
50:42 Halberdier
Tσvx´
0:44 Loom
11:02 Feudal Age
16:02 Horse Collar
16:08 Double-Bit Axe
24:12 Castle Age
22:12 Gold Mining
22:43 Man-at-Arms
25:33 Heavy Plow
25:46 Bow Saw
37:02 Scale Mail Armor
36:58 Long Swordsman
43:37 Yeomen
47:17 Imperial Age
45:59 Fletching
46:09 Padded Archer Armor
46:20 Forging
46:25 Chain Mail Armor
46:49 Gambesons
47:05 Squires
46:50 Arson
47:29 Elite Longbowman
48:50 Conscription
48:32 Warwolf
49:50 Chemistry
49:13 Ballistics
49:01 Two-Handed Swordsman
Connection lost

Rejoining the realm…

Still unreachable

The connection could not be restored.

Session expired

The server has moved on; the page needs a fresh start.